 Dungeon Crawl Stone Soup version 0.25.0-11-g1f837a7 (webtiles) character file.

Game seed: 2445214393506159158

881 shmeve the Skirmisher (level 7, 0/64 HPs)
             Began as a Minotaur Berserker on June 24, 2020.
             Was a Believer of Trog.
             Slain by a spatial maelstrom (6 damage)
             ... on level 1 of the Abyss.
             The game lasted 00:05:43 (4360 turns).

shmeve the Skirmisher (Minotaur Berserker)          Turns: 4360, Time: 00:05:44

Health: 0/64       AC: 13    Str: 26    XL:     7   Next: 75%
Magic:  6/6        EV: 10    Int:  5    God:    Trog [**....]
Gold:   199        SH:  0    Dex: 10    Spells: 6/6 levels left

rFire    + + +     SeeInvis .   w - +0 battleaxe
rCold    x . .     Gourm    .   (shield currently unavailable)
rNeg     + + +     Faith    .   y - +3 chain mail of Filth {rF+++ rC- rN+++ Str+4}
rPois    .         Spirit   .   (helmet restricted)
rElec    .         Reflect  .   q - +0 cloak
rCorr    .         Harm     .   (no gloves)
MR       .....                  (no boots)
Stlth    ..........             (no amulet)
HPRegen  0.20/turn              (no ring)
MPRegen  0.10/turn              (no ring)

@: lightly drained
A: retaliatory headbutt, horns 2
a: Berserk, Trog's Hand, Renounce Religion


You were on level 1 of the Abyss.
You worshipped Trog.
Trog was pleased with you.
You were not hungry.

You visited 1 branch of the dungeon, and saw 6 of its levels.
You visited the Abyss 1 time.

You collected 199 gold pieces.

Inventory:

Hand Weapons
 a - a +0 hand axe
 w - a +0 battleaxe (weapon)
Armour
 q - a +0 cloak (worn)
 y - the +3 chain mail of Filth (worn) {rF+++ rC- rN+++ Str+4}
   (You found it on level 5 of the Dungeon)

   It affects your strength (+4).
   It renders you almost immune to fire.
   It makes you vulnerable to cold.
   It renders you almost immune to negative energy.
Jewellery
 k - an uncursed amulet of guardian spirit {unknown}
 l - an uncursed amulet of guardian spirit {unknown}
 v - a +6 ring of intelligence {unknown}
Scrolls
 b - a scroll of fear {unknown}
 d - 3 scrolls of remove curse {unknown}
 e - a scroll of fog {unknown}
 f - 3 scrolls of identify {unknown}
 g - 3 scrolls of teleportation {unknown}
 h - 2 scrolls of amnesia {unknown}
 m - a scroll of random uselessness {unknown}
 o - a scroll of blinking {unknown}
 t - a scroll of enchant weapon {unknown}
 u - 2 scrolls of enchant armour {unknown}
Potions
 i - 3 potions of flight {unknown}
 j - 2 potions of curing {unknown}
 n - 2 potions of might {unknown}
 p - a potion of magic {unknown}
 r - a potion of stabbing {unknown}
 s - 2 potions of heal wounds {unknown}
 x - a potion of ambrosia {unknown}
Comestibles
 c - 10 rations
 z - a chunk of flesh


   Skills:
 * Level 6.7(6.6) Fighting
 * Level 6.6 Axes
 + Level 3.0 Throwing
 + Level 4.6 Armour
 + Level 4.2(4.1) Dodging


You had 6 spell levels left.
You didn't know any spells.
Your spell library was empty.

Dungeon Overview and Level Annotations

Branches:
Dungeon (8/15)               Lair (0/6) D:8
 Temple: D:4-7

Altars:
Fedhas
Makhleb
Sif Muna
Uskayaw
Xom

Annotations:
D:8 Psyche


Innate Abilities, Weirdness & Mutations

You reflexively headbutt those who attack you in melee.
You have a pair of horns on your head.


Message History

The spatial maelstrom hits you.
* * * LOW HITPOINT WARNING * * *
You blink.
A smoke demon comes into view.
Found 20 stones.
Unknown command.
The smoke demon hits the bush but does no damage. x3
Something hits the bush but does no damage. x2
Something completely misses the bush.
A spatial vortex comes into view.
The spatial maelstrom hits you!
* * * LOW HITPOINT WARNING * * *
Space bends around you.
* * * LOW HITPOINT WARNING * * *
The spatial maelstrom hits you but does no damage.
A spatial vortex comes into view.
You slash the spatial maelstrom! You headbutt the spatial maelstrom.
The spatial maelstrom is heavily damaged.
The spatial maelstrom hits you.
You die...

. .# ...#.#. .. #
##..#.. #. .## ##
#...#.# #.# #.##
..##...#####..# #
..# .....#.#...#.#
................(.#
##
###.####..###...#
.._. #.......# ._
.v_ #PP#vv@#.#
.._.$._ . #
3###....#
_..._..._.#...
##...# ..
._...#..## ####
_..._ .._.#.♣# #.
#.


You could see a spatial maelstrom and a spatial vortex.

Vanquished Creatures
  Edmund (D:5)
  A sky beast (D:5)
  An ice beast (D:5)
  A phantom (D:5)
  An ogre (D:4)
  A gnoll sergeant (D:8)
  An orc priest (D:4)
  2 orc wizards (D:4)
  Crazy Yiuf (D:4)
  A gnoll shaman (D:5)
  An iguana (D:5)
  7 gnolls
  5 adders
  A shadow imp (D:5)
  An ooze (D:2)
  2 adder skeletons
  A dart slug (D:2)
  3 leopard geckos
  5 orcs
  A giant cockroach (D:4)
  4 goblins
  6 hobgoblins
  4 jackals (D:4)
  A ball python (D:2)
  3 bats
  5 frilled lizards
  5 kobolds
  4 rats
  A plant (Abyss:1)
71 creatures vanquished.

Notes
Turn   | Place    | Note
-------+----------+-------------------------------------------
     0 | D:1      | shmeve the Minotaur Berserker began the quest for the Orb.
     0 | D:1      | Reached XP level 1. HP: 19/19 MP: 0/0
   484 | D:1      | Reached XP level 2. HP: 25/27 MP: 1/1
  1413 | D:2      | Reached ** piety under Trog
  1413 | D:2      | Reached XP level 3. HP: 31/33 MP: 2/2
  2208 | D:3      | Reached skill level 1 in Throwing
  2274 | D:3      | You fall into a shaft and drop 2 floors!
  2274 | D:5      | Entered Level 5 of the Dungeon
  2340 | D:4      | Found a runed translucent door.
  2341 | D:4      | Noticed Crazy Yiuf
  2348 | D:4      | Killed Crazy Yiuf
  2348 | D:4      | Reached XP level 4. HP: 41/41 MP: 3/3
  2665 | D:4      | Found a blossoming altar of Fedhas.
  2703 | D:4      | Found a hide-covered altar of Uskayaw.
  2717 | D:4      | Noticed an ogre
  2722 | D:4      | Killed an ogre
  2722 | D:4      | Reached skill level 5 in Fighting
  2722 | D:4      | Reached skill level 5 in Axes
  2722 | D:4      | Reached XP level 5. HP: 48/48 MP: 4/4
  2821 | D:4      | Reached XP level 6. HP: 32/56 MP: 5/5
  3279 | D:4      | Found a burning altar of Makhleb.
  3281 | D:4      | Found a glowing golden altar of the Shining One.
  3281 | D:4      | Found a burning altar of Makhleb.
  3283 | D:4      | Found a hide-covered altar of Uskayaw.
  3283 | D:4      | Found a shimmering altar of Xom.
  3283 | D:4      | Found a shimmering blue altar of Sif Muna.
  3385 | D:5      | Noticed a sky beast
  3400 | D:5      | Killed a sky beast
  3417 | D:5      | Noticed an ice beast
  3684 | D:5      | Killed an ice beast
  3733 | D:5      | Noticed Edmund
  3745 | D:5      | Killed Edmund
  3745 | D:5      | Reached XP level 7. HP: 47/63 MP: 6/6
  3760 | D:5      | Got a warped chain mail
  3771 | D:5      | Identified the +3 chain mail of Filth {rF+++ rC- rN+++
                  | Str+4} (You found it on level 5 of the Dungeon)
  4282 | D:5      | You fall into a shaft and drop 3 floors!
  4282 | D:8      | Found a staircase to the Lair.
  4283 | D:8      | Noticed a death yak
  4283 | D:8      | Noticed a death yak
  4283 | D:8      | Noticed Psyche
  4283 | D:8      | Noticed a death yak
  4285 | D:8      | Noticed a death yak
  4287 | D:8      | Noticed a death yak
  4291 | D:8      | Cast into level 1 of the Abyss (Psyche)
  4333 | Abyss:1  | Noticed a spatial maelstrom
  4334 | Abyss:1  | Noticed a spatial vortex
  4345 | Abyss:1  | Noticed a spatial vortex
  4346 | Abyss:1  | Noticed a spatial vortex
  4348 | Abyss:1  | Noticed a spatial vortex
  4350 | Abyss:1  | Found a stormy altar of Qazlal.
  4350 | Abyss:1  | Found a hide-covered altar of Uskayaw.
  4351 | Abyss:1  | Found a radiant altar of Vehumet.
  4351 | Abyss:1  | Found a shimmering blue altar of Sif Muna.
  4351 | Abyss:1  | Found an ornate altar of the Wu Jian Council.
  4351 | Abyss:1  | Found a blossoming altar of Fedhas.
  4351 | Abyss:1  | Found an opulent altar of Gozag.
  4351 | Abyss:1  | Found a white marble altar of Elyvilon.
  4351 | Abyss:1  | Found a shimmering altar of Xom.
  4351 | Abyss:1  | Noticed a spatial vortex
  4352 | Abyss:1  | Found an iron altar of Okawaru.
  4352 | Abyss:1  | Found a glowing silver altar of Zin.
  4352 | Abyss:1  | Found a snail-covered altar of Cheibriados.
  4353 | Abyss:1  | Noticed a smoke demon
  4358 | Abyss:1  | Noticed a spatial vortex
  4359 | Abyss:1  | Noticed a spatial vortex
  4360 | Abyss:1  | Slain by a spatial maelstrom

Illustrated notes

Levels and vault maps discovered:
D:1:      heliophobic_arrival_enchanted_forest, layout_basic,
          minmay_misc_feat_tiny, ebering_dispersal_statue_hall,
          skrybe_limestone_x
D:2:      layout_loops_ring, first_ration, minmay_tripent
D:3:      layout_loops_ring, nicolae_overflow_hidden_temple,
          hangedman_decor_growths
D:4:      layout_loops_ring, old_standard_altar, kennysheep_little_box,
          doesnt_xom_only_xom, uniq_crazy_yiuf_cottage
D:5:      layout_rooms, uniq_edmund
D:8:      layout_gridville, nicolae_gozag_cash_rules_everything_around_me,
          dpeg_lair_monsters, tso_altar, uniq_psyche
Abyss:1:  base: D:7, abyss_greek_temple

Skill      XL: |  1  2  3  4  5  6  7 |
---------------+----------------------+-----
Fighting       | 4 5 6 |  6.7
Axes           | 4 5 6 |  6.6
Armour         | 3 4 |  4.6
Throwing       | 1 2 3 |  3.0
Dodging        | 3 4 |  4.2

Action                   |  1- 3 |  4- 6 |  7- 9 || total
-------------------------+-------+-------+-------++-------
Melee: Hand axe          |    84 |    30 |       ||   114
       Headbutt          |     8 |    10 |    12 ||    30
       Battleaxe         |       |    30 |    36 ||    66
Invok: Berserk           |     1 |     5 |     2 ||     8
       Trog's Hand       |       |       |     1 ||     1
  Eat: Chunk             |     3 |     4 |     5 ||    12
       Ration            |       |     2 |       ||     2
Armor: Animal skin       |    17 |    15 |       ||    32
       Chain mail        |       |       |    26 ||    26
Dodge: Dodged            |    55 |    42 |    22 ||   119
